[Event "101st Irish Championship 2022"]
[Site "Dublin"]
[Date "2022.07.05"]
[Round "2.8"]
[White "Doyle, Anthony"]
[Black "Melaugh, Gavin"]
[Result "1/2-1/2"]
[ECO "A04"]
[WhiteElo "2116"]
[BlackElo "2020"]
[Annotator "TA"]
[PlyCount "50"]
[EventDate "2022.07.05"]
[EventType "swiss"]
[EventCountry "IRL"]
[SourceTitle "playchess.com"]
[Source "ChessBase"]
[SourceQuality "1"]
[TimeControl "40/6300+30:1800+30"]

1. Nf3 f5 2. d3 Nf6 3. e4 fxe4 4. dxe4 Nxe4 5. Bd3 d5 6. Bxe4 {[%emt 0:00:07] A04: Unusual lines after 1 Nf3 and King's Indian Attack.} dxe4 7. Qxd8+ Kxd8 8. Ng5 {[%emt 0:00:10] [#] Strongly threatening Nf7+. White has an edge.} Ke8 {[%emt 0:00:49] Prevents Nf7.} 9. Nc3 Bf5 10. Be3 e5 11. O-O-O Nc6 12. Ngxe4 {[%emt 0:05:05] [#]} Be7 $146 ({Predecessor:} 12... Rd8 13. f3 Nd4 14. Rhe1 Be7 15. Bxd4 exd4 16. Nb5 Kf7 17. Nxd4 Bd7 18. f4 a6 {1-0 (69) Eggleston,D (2232)-Redmond,J Liverpool 2006}) 13. Rhe1 Kf7 14. Bc5 Bxc5 (14... Bf6 $11) 15. Nxc5 $16 {[%emt 0:00:11] Pair of Knights!} b6 {[%emt 0:00:50] [#]} 16. N5e4 {[%emt 0:08:53] White is more active.} ({Better is} 16. Na6 $1 $16) 16... Rad8 $11 17. Ng3 Bg6 {[%emt 0:07:10] The position is equal.} 18. h4 {[%emt 0:00:28] Threatens to win with h5.} Rxd1+ 19. Rxd1 {[%emt 0:00:30] Hoping for h5.} Nd4 20. Nce4 Bxe4 21. Nxe4 Rd8 {[%emt 0:02:38] ( -> ...Ne2+)} 22. c3 Ne2+ 23. Kc2 Rxd1 24. Kxd1 Nf4 25. g3 Ne6 {[%emt 0:00:32] Weighted Error Value: White=0.15 (very precise) /Black=0.11 (very precise)} 1/2-1/2

[Event "101st Irish Championship 2022"]
[Site "Dublin"]
[Date "2022.07.05"]
[Round "2.9"]
[White "Kennedy, John"]
[Black "Cafolla, Peter"]
[Result "1/2-1/2"]
[ECO "B07"]
[WhiteElo "2047"]
[BlackElo "1937"]
[Annotator "TA"]
[PlyCount "45"]
[EventDate "2022.07.05"]
[EventType "swiss"]
[EventCountry "IRL"]
[SourceTitle "playchess.com"]
[Source "ChessBase"]
[SourceQuality "1"]
[TimeControl "40/6300+30:1800+30"]

1. Nf3 Nf6 2. g3 g6 3. Bg2 Bg7 4. d4 O-O 5. O-O d6 6. a4 Nbd7 7. Nc3 e5 8. e4 a5 9. h3 {[%emt 0:02:23] B07: Pirc Defence: Miscellaneous Systems.} Re8 {[%emt 0:07:30] [#]} 10. Bg5 $146 ({Predecessor:} 10. Re1 c6 11. Be3 exd4 12. Nxd4 Nc5 13. Bf4 Nh5 14. Bc1 d5 15. g4 dxe4 16. Be3 Nf4 17. Nxc6 Qxd1 18. Rexd1 Nxg2 19. Ne7+ Kh8 20. Kxg2 {½-½ (43) Ibarra Jerez,J (2570)-Golubev,M (2461) Chess.com INT 2022}) 10... h6 11. Be3 {[%emt 0:06:46] The position is equal.} exd4 $1 12. Nxd4 Nc5 13. f3 Bd7 (13... d5 $1 $15) 14. Qd2 $14 Kh7 15. Rfe1 c6 16. Nde2 Bf8 17. Rad1 Qb6 18. Kh2 Qb4 (18... Qxb2 $2 19. Bxc5 dxc5 20. Rb1 $18) 19. Bd4 Ng8 20. b3 {[%emt 0:19:22] White is better.} Ne6 21. Bf2 {[%emt 0:03:05] White is more active.} Rad8 22. Qc1 {[%emt 0:05:29] [#] Threatens to win with Na2.} Nc5 23. Na2 {[%emt 0:05:35] Weighted Error Value: White=0.12 (very precise) /Black=0.14 (very precise)} 1/2-1/2

[Event "101st Irish Championship 2022"]
[Site "Dublin"]
[Date "2022.07.05"]
[Round "2.10"]
[White "Keenan, Cathal"]
[Black "O`Gorman, Alice"]
[Result "1-0"]
[ECO "C24"]
[WhiteElo "1811"]
[BlackElo "2043"]
[Annotator "TA"]
[PlyCount "145"]
[EventDate "2022.07.05"]
[EventType "swiss"]
[EventCountry "IRL"]
[SourceTitle "playchess.com"]
[Source "ChessBase"]
[SourceQuality "1"]
[TimeControl "40/6300+30:1800+30"]

1. e4 e5 2. Bc4 Nf6 3. d3 c6 4. Nf3 d5 5. Bb3 Nbd7 6. O-O {[%emt 0:02:53] C24: Bishop's Opening: 2...Nf6.} Be7 7. exd5 cxd5 8. Re1 {[%emt 0:01:20] White is slightly better.} O-O {[%emt 0:01:58] [#]} 9. Bg5 $146 (9. Nc3 $16) ({Predecessor:} 9. Nxe5 Nxe5 10. Rxe5 Bd6 11. Re1 Ng4 12. h3 Qh4 13. Be3 Re8 14. Bd4 Be6 15. c3 {0-1 (50) Rabiega,R (2551)-Scheide,H (1971) Berlin 2009}) 9... Qc7 (9... e4 $11 10. Nd4 Nc5) 10. Nc3 Bb4 11. Bd2 Bxc3 12. Bxc3 (12. bxc3 Re8 $11) 12... Re8 13. d4 ({Better is} 13. Qe2 $1 $16) 13... e4 $11 {[%emt 0:04:00] And now ...a5 would win.} 14. Ne5 b5 15. a4 $1 b4 16. Nxd7 (16. Bxb4 $5 Nxe5 17. dxe5 Rxe5 18. Re3 $14) 16... Bxd7 17. Bxb4 Ng4 {[%emt 0:01:24] Inhibits Re3.} 18. g3 Nf6 19. f3 Qb6 20. Bc5 Qe6 21. a5 Qh3 22. Bd6 (22. fxe4 $1 $14 Bg4 23. Qd3 dxe4 24. Qf1 (24. Qc4 Qh5 $11)) 22... Qh5 $1 $15 23. fxe4 {[%emt 0:12:07] Black must now prevent Qxh5.} (23. g4 Qh3 24. Bg3 Rac8 $11) 23... Bg4 24. Qd3 {[%emt 0:01:51] e5 is the strong threat.} dxe4 25. Qf1 e3 (25... Rad8 $15 26. Bc5 e3) 26. Be5 $36 {[%emt 0:01:03][%mdl 2048] White has some pressure. This bishop pair is nice.} Ne4 (26... e2 $11 {remains equal.} 27. Qf4 Nd7) 27. Rxe3 $16 {[%emt 0:01:57] Chess con chili.} Nd2 {[%emt 0:00:46] [#]} 28. Qf2 (28. Qd3 $1 $16 Nxb3 29. Qxb3) 28... Nxb3 $11 29. cxb3 (29. Rxb3 $2 f6 30. Re1 fxe5 $19) 29... Rac8 30. b4 Bf5 31. Qf3 Bg4 32. Qf2 Bf5 33. Rae1 $1 Rc2 34. R3e2 (34. g4 $1 $14 {is the one way to stay ahead.} Qxg4+ 35. Rg3 Rxf2 36. Rxg4 Bxg4 37. Kxf2) 34... Rxe2 $17 35. Qxe2 (35. Rxe2 $2 {too greedy.} f6 36. Re1 fxe5 37. dxe5 Bh3 $19) 35... Bg4 ({Black should try} 35... Qxe2 $17 36. Rxe2 f6) 36. Qf2 Be6 37. Qe2 Bg4 38. Qf2 Be6 39. Bd6 Rd8 $2 (39... Bd7 $11 {and Black stays safe.}) 40. Bc5 $18 Bd5 (40... Bd7 $16 41. Bxa7 Re8 42. Rxe8+ Bxe8) 41. Qe2 ({Resist} 41. Bxa7 Bc6) 41... Qxe2 42. Rxe2 {[%emt 0:00:03][%mdl 4096] Endgame KRB-KRB} a6 43. Kf2 {[%emt 0:00:14][%cal Ob4b5] Strongly threatening b5!} g6 $2 (43... Bc6 {keeps fighting.} 44. Re7 f6) 44. Re5 (44. b5 $142) 44... Bc4 45. g4 h6 46. Ke3 Kg7 47. h4 Rd7 48. Kd2 f6 49. Re8 h5 50. gxh5 gxh5 51. Kc3 Bb5 {[%emt 0:00:00][%mdl 8192] [#] Loses the game.} (51... Bf1 $16 52. Kd2 Kg6) 52. Rb8 $1 f5 {[%emt 0:00:00] [#]} 53. Rxb5 axb5 {[%emt 0:00:00] KR-KB} 54. a6 Kf6 55. a7 Rd8 {[%emt 0:00:00] [#]} 56. Bd6 $1 Ra8 (56... Rxd6 57. a8=Q) 57. Bb8 {[%emt 0:00:00] White mates.} Ke6 58. Kd3 Kd5 59. Ke3 Kc4 60. Kf4 Kxd4 61. Kxf5 Kc4 62. Kg5 Kxb4 63. Kxh5 Kb3 64. Kg5 Kxb2 65. h5 Ka2 66. h6 b4 67. h7 b3 68. h8=Q b2 69. Qh2 Kb3 70. Qg3+ Ka2 71. Qg2 Ka1 72. Qxa8 b1=Q 73. Be5+ {[%emt 0:00:00] Weighted Error Value: White=0.20 (precise) /Black=0.45} 1-0

[Event "101st Irish Championship 2022"]
[Site "Dublin"]
[Date "2022.07.05"]
[Round "2.11"]
[White "Mats, Diana"]
[Black "Keogh, Eamon"]
[Result "1-0"]
[ECO "B07"]
[WhiteElo "2028"]
[BlackElo "1931"]
[Annotator "TA"]
[PlyCount "87"]
[EventDate "2022.07.05"]
[EventType "swiss"]
[EventCountry "IRL"]
[SourceTitle "playchess.com"]
[Source "ChessBase"]
[SourceQuality "1"]
[TimeControl "40/6300+30:1800+30"]

1. e4 d6 2. d4 g6 3. Nc3 Bg7 4. Be3 Nf6 5. f3 Nbd7 6. g4 {[%emt 0:01:23][%cal Bg2g4,Bg4g5][%mdl 32] B07: Pirc Defence: Miscellaneous Systems.} b6 (6... O-O $14) 7. Qd2 $16 h5 8. g5 {[%emt 0:00:59] White is better.} Nh7 {[%emt 0:00:15] [#]} 9. O-O-O $146 ({Predecessor:} 9. h4 c5 10. Bg2 Bb7 11. Nge2 Nhf8 12. f4 Ne6 13. d5 Nc7 14. O-O O-O 15. Ng3 {0-1 (44) Tavus,H-Callioglu,Y (1580) Antalya 2017}) 9... Bb7 10. f4 a6 11. Bg2 b5 12. f5 Nb6 13. b3 c6 14. Nh3 Nd7 (14... Qc7 $142 15. Rhf1 b4) 15. fxg6 $18 fxg6 16. Nf4 Ndf8 {[%emt 0:04:07] Inhibits Ne6.} (16... Nhf8 $142 17. Rhf1 Qc7) 17. Nce2 a5 18. Kb1 Qc7 19. Rhf1 O-O-O 20. Bh3+ Kb8 21. Ne6 (21. Nd3 $142) 21... Nxe6 22. Bxe6 Nf8 23. Bf7 Bc8 (23... e6 $142) 24. Nf4 Bg4 25. Rc1 (25. Nxg6 Nxg6 26. Bxg6 Bxd1 27. Rxd1 (27. Qxd1 Rdf8 $14) 27... Rdf8 $14) 25... a4 (25... e6 $142 26. Nxg6 (26. Bxg6 e5 $14) 26... Nxg6) 26. Nxg6 Nxg6 27. Bxg6 c5 28. Rf7 cxd4 (28... Rhg8 {might work better.} 29. Bh7 cxd4) 29. Bxd4 (29. Rxg7 $18 dxe3 30. Qxe3) 29... Bxd4 $16 30. Qxd4 {[%emt 0:00:04] And now Bf5 would win.} Rhg8 {[%emt 0:00:53] [#]} 31. Bf5 {[%emt 0:00:34] Threatens to win with g6. White is more active.} (31. Rg7 $2 e5 32. Rxc7 exd4 $19) 31... Rxg5 32. bxa4 bxa4 33. h4 $36 {[%emt 0:01:22][%mdl 2048] White is really pushing.} Rgg8 {[%emt 0:00:54] [#]} 34. Qxa4 ({White should try} 34. Ka1 $1 $18 {Intending Rb1+ and mate.} Bxf5 35. Rxf5) 34... Bxf5 (34... Rgf8 $16 {was called for.} 35. Qb3+ Ka8 36. Qa3+ Qa7 37. Qxa7+ Kxa7 38. Rxe7+ Kb6) 35. Rxf5 $18 {[%emt 0:01:20] The board is on fire.} (35. exf5 $6 Rgf8 36. Rxf8 Rxf8) 35... e5 36. Rf3 (36. Rxh5 Rg7 37. Qb3+ Ka8) 36... Rg7 $2 (36... Qc5 37. Rcf1 Rg1 38. Rxg1 (38. Rb3+ Kc7 $18) 38... Qxg1+ 39. Kb2 Qd4+ 40. Qxd4 exd4) 37. Rb3+ Kc8 38. Qa6+ $2 (38. Rf1) 38... Kd7 39. Qe2 ({Resist} 39. Rb7 $6 Rb8 40. Rb3 (40. Qb5+ Kc8 $11) 40... Ke7 $16) 39... Rg4 40. Rf1 {[%emt 0:00:08] Prevents Rf8.} Ke6 {[%emt 0:00:41] Against Rf7} (40... Ke7 41. Rf5 Qc5) 41. Qd2 {[%emt 0:30:38] Threatening mate with Qd5+.} Rf4 42. Rxf4 exf4 43. Qxf4 {[%emt 0:00:18] White threatens Qf5+ and mate.} Rg8 $2 (43... Qf7 $18 44. Qe3 Qf1+ 45. Kb2 Qf6+ 46. c3 Qg6) 44. Qh6+ {[%emt 0:00:22] Weighted Error Value: White=0.41/Black=0.54} 1-0

[Event "101st Irish Championship 2022"]
[Site "Dublin"]
[Date "2022.07.05"]
[Round "2.12"]
[White "Fox, Anthony"]
[Black "Liu, Jason"]
[Result "1-0"]
[ECO "A05"]
[WhiteElo "1945"]
[BlackElo "1746"]
[Annotator "TA"]
[PlyCount "59"]
[EventDate "2022.07.05"]
[EventType "swiss"]
[EventCountry "IRL"]
[SourceTitle "playchess.com"]
[Source "ChessBase"]
[SourceQuality "1"]
[TimeControl "40/6300+30:1800+30"]

1. e4 e6 2. d3 b6 3. g3 Bb7 4. Bg2 c5 5. Nf3 Nf6 6. O-O d5 7. e5 {[%emt 0:00:43] A05: Réti Opening: 1 Nf3 Nf6.} Nfd7 8. Re1 Be7 9. h4 {[%emt 0:01:02] The position is equal.} Nc6 10. c3 Qc7 11. Bf4 h6 12. h5 (12. Na3 $5 ) 12... O-O-O {[%emt 0:07:00] [#]} (12... a6 $11) 13. a3 $146 (13. d4 $14) ({Predecessor:} 13. g4 g6 14. Bg3 gxh5 15. gxh5 Rhg8 16. Nbd2 Rg7 17. c4 d4 18. Qe2 Rdg8 19. Kh2 {½-½ (38) Heinmets,T (1886)-Baskin,R (2390) Chess.com INT 2020}) 13... Rdg8 (13... g5 $15 14. hxg6 fxg6) 14. b4 (14. d4 $1 $11) 14... g5 $1 $15 15. hxg6 fxg6 16. d4 g5 17. Be3 c4 18. a4 Kb8 (18... a6 $1 $15) 19. Na3 Qd8 (19... a6 $11) 20. a5 $16 h5 21. axb6 Qxb6 (21... Nxb6 $11 22. b5 Na5) 22. Nh2 (22. Nd2 $18 {is more deadly.}) 22... Nd8 $2 {[%emt 0:00:00] [#]} (22... Qd8 $16) 23. Nxc4 $1 $18 Qc6 (23... dxc4 $2 24. d5 exd5 25. Bxb6 $18) (23... Qc7 $142 24. Na5 (24. Qa4 dxc4 25. Qxa7+ Kc8 $11) 24... Ba6) 24. Na5 Qxc3 (24... Qc7 25. Qe2 Nb6 26. Nxb7 Nxb7) 25. Nxb7 Nxb7 26. Qa4 Nb6 27. Qxa7+ Kc7 28. Rec1 Qxc1+ 29. Rxc1+ Nc4 {[%emt 0:00:00] [#]} 30. Rxc4+ $1 {[%emt 0:00:00] Weighted Error Value: White=0.25 (precise) /Black=0.82} 1-0

[Event "101st Irish Championship 2022"]
[Site "Dublin"]
[Date "2022.07.05"]
[Round "3.1"]
[White "Kanyamarala, Tarun"]
[Black "Baburin, Alexander"]
[Result "1-0"]
[ECO "D37"]
[WhiteElo "2379"]
[BlackElo "2400"]
[Annotator "TA"]
[PlyCount "49"]
[EventDate "2022.07.05"]
[EventType "swiss"]
[EventCountry "IRL"]
[SourceTitle "playchess.com"]
[Source "ChessBase"]
[SourceQuality "1"]
[TimeControl "40/6300+30:1800+30"]

1. d4 d5 2. c4 e6 3. Nf3 Nf6 4. Nc3 Nbd7 5. Bf4 dxc4 6. e3 Nd5 7. Bxc4 Nxf4 8. exf4 Nf6 {[%emt 0:00:30] [#] D37: Queen's Gambit Declined: 5 Bf4.} (8... Nb6 $11 {remains equal.}) 9. f5 $146 ({Predecessor:} 9. O-O Be7 10. f5 exf5 11. Qb3 O-O 12. Ng5 b5 13. Nxb5 Rb8 14. Nxf7 Rxf7 15. Bxf7+ Kf8 16. a4 {1-0 (46) Guichard,P (2413)-Atalik,E (2433) Krasnaya Polyana 2021}) 9... exf5 10. Qb3 Bd6 {[%emt 0:00:30] White is better.} 11. Bxf7+ Kf8 12. O-O g6 13. Ne5 {[%emt 0:00:30][%cal Of7g6] Threatens to win with Bxg6!} Qe7 14. Rfe1 {[%emt 0:00:30][%cal Oe5g6,Bf1e1,Be1e5,Be5e7,Be7e8,Be8h8][%mdl 32] And now Nxg6+! would win. White is much more active. The black rooks are badly placed.} Bxe5 {[%emt 0:00:30][%mdl 8192] This costs Black the game.} (14... Kg7 $16) 15. Rxe5 Qxf7 {[%emt 0:00:30] [#]} 16. Qb4+ Kg8 {[%emt 0:00:30][%cal Oa7a5] ...a5! is the strong threat.} 17. Re7 {[%emt 0:00:30][%mdl 1024] White has strong compensation.} a5 18. Qc5 {[%emt 0:00:30] Black must now prevent Rae1.} Nd7 19. Qa3 $40 {[%emt 0:00:30][%mdl 128] White is out for blood.} Qf6 $2 (19... Qc4) 20. Rae1 {[%emt 0:00:30] Nd5 would kill now.} c6 {[%emt 0:00:30] Prevents Nd5.} (20... Nb6 $18 21. Qb3+ Kf8) 21. Qb3+ {[%emt 0:00:30] White mates.} Kf8 22. Re8+ Kg7 {[%emt 0:00:30] [#]} 23. R1e7+ $1 (23. Rxh8 Kxh8 24. Re8+ Nf8 $17) 23... Kh6 {[%emt 0:00:30] [#]} 24. Nd5 $1 Qxd4 (24... Qg5 25. f4) 25. Rxh8 {[%emt 0:00:30] Weighted Error Value: White=0.26 (precise) /Black=0.72} 1-0

[Event "101st Irish Championship 2022"]
[Site "Dublin"]
[Date "2022.07.05"]
[Round "3.2"]
[White "O`Gorman, Tom"]
[Black "O'Connell, Gerard"]
[Result "1-0"]
[ECO "D02"]
[WhiteElo "2401"]
[BlackElo "2052"]
[Annotator "TA"]
[PlyCount "111"]
[EventDate "2022.07.05"]
[EventType "swiss"]
[EventCountry "IRL"]
[SourceTitle "playchess.com"]
[Source "ChessBase"]
[SourceQuality "1"]
[TimeControl "40/6300+30:1800+30"]

1. d4 Nf6 2. Nf3 g6 3. Nbd2 d5 4. b4 Bg7 5. e3 a5 6. b5 {[%emt 0:00:09] D02: 1 d4 d5 2 Nf3 sidelines, including 2...Nf6 3 g3 and 2...Nf6 3 Bf4.} c5 7. bxc6 bxc6 8. Ba3 {[%emt 0:01:16] White is slightly better.} O-O 9. Be2 Na6 10. O-O c5 11. c4 ({Reject} 11. dxc5 Ne4 $11) (11. Bxc5 Nxc5 12. dxc5 Ne4 13. Nxe4 Bxa1 14. Qxa1 dxe4 $17) 11... Nb4 12. Bb2 cxd4 13. Nxd4 e5 14. Nb5 e4 {[%emt 0:11:23] [#]} (14... Bf5 $11) 15. c5 $146 (15. a3 $5 Nd3 16. Bd4 $14) ({Predecessor:} 15. a3 Nd3 16. Bd4 Rb8 17. a4 Bb7 18. cxd5 Qxd5 19. f3 Ne5 20. Nc3 Qe6 21. fxe4 {½-½ (74) Bernadskiy,V (2583)-Frolov,A (2416) Zhitomir 2017}) 15... Ba6 16. a4 $1 Nd7 17. Bxg7 Kxg7 18. Nb3 Ne5 19. Qd2 Nec6 20. Rfd1 {[%emt 0:03:32] White is more active.} Kg8 21. Rac1 Rc8 22. Nd6 Bxe2 ({Better is} 22... Ra8 $1 $14) 23. Qxe2 $16 Nd3 24. Nxc8 Nxc1 25. Rxc1 ({Don't play} 25. Nxc1 $6 Qxc8 26. h3 (26. Rxd5 Nb4 $11) 26... Qe6 $11) 25... Qxc8 26. Qb5 (26. Qd2 $16) 26... Qc7 $11 {[%emt 0:01:40] Strongly threatening ...Rb8.} 27. Qb6 Rc8 28. h3 Nb4 (28... Kf8 {looks sharper.} 29. Rd1 Nb4 30. Qf6 Kg8) 29. Qxa5 Qxa5 30. Nxa5 {[%emt 0:00:07][%mdl 4096] Endgame KRN-KRN} Nd3 {[%emt 0:00:03][%csl LRc1,LRc5][%mdl 64] Deflection} 31. Ra1 Rxc5 32. Nb3 Rc6 33. Nd4 Ra6 34. a5 Kf8 {[%emt 0:00:50] [#]} (34... Nc5 $11) 35. Nb5 $1 $16 Nc5 36. Nc7 Ra7 {[%emt 0:00:09] [#]} 37. a6 $1 Ke7 38. Nxd5+ Kd6 39. Nb4 Nd3 $2 {[%emt 0:00:08][%mdl 8192] [#] This move loses the game for Black.} (39... Kc7 $16) 40. Nxd3 $1 $18 exd3 {[%emt 0:00:06] KR-KR} 41. Kf1 Kc5 42. Ke1 Kc6 43. Kd2 Kb6 44. Kxd3 Rd7+ 45. Ke2 {[%emt 0:00:16][%cal Oa6a7] a7! is the strong threat.} Ka7 46. Ra2 Rd5 47. e4 Rd4 48. Ke3 {[%emt 0:00:05] White is clearly winning.} Rb4 49. Kf4 f6 50. Ra3 Rb5 51. Ke3 Rg5 (51... g5 $142 52. f4 h6) 52. g3 {[%emt 0:00:21] aiming for Kd4.} Rh5 53. h4 {[%emt 0:00:11][%cal Bh3h4,Bh4g5][%mdl 32] Hoping for f4.} Rc5 54. Kd4 Rb5 55. f4 g5 56. hxg5 {[%emt 0:00:19] Weighted Error Value: White=0.06 (flawless) /Black=0.25 (precise)} 1-0

[Event "101st Irish Championship 2022"]
[Site "Dublin"]
[Date "2022.07.05"]
[Round "3.3"]
[White "Flynn, Jacob"]
[Black "Li, Henry"]
[Result "0-1"]
[ECO "E63"]
[WhiteElo "2199"]
[BlackElo "2319"]
[Annotator "TA"]
[PlyCount "88"]
[EventDate "2022.07.05"]
[EventType "swiss"]
[EventCountry "IRL"]
[SourceTitle "playchess.com"]
[Source "ChessBase"]
[SourceQuality "1"]
[TimeControl "40/6300+30:1800+30"]

1. d4 Nf6 2. Nf3 g6 3. g3 Bg7 4. Bg2 O-O 5. O-O d6 6. c4 Nc6 7. Nc3 a6 {[%emt 0:03:16] 7...e5 is the modern continuation.} 8. b3 Rb8 9. Nd5 Bd7 {[%emt 0:06:58] E63: King's Indian: Fianchetto: Panno Variation with 7...a6.} 10. Bb2 Ne4 {[%emt 0:11:27] [#]} 11. Nf4 $146 ({Predecessor:} 11. Rc1 b5 12. Nf4 {½-½ (12) Illner,A (2375)-Van Kampen,R (2566) Amsterdam 2012}) 11... Re8 {[%emt 0:29:56] White is slightly better.} 12. Nd3 e6 13. d5 exd5 14. cxd5 {[%emt 0:01:35] Hoping for Bxg7.} Bxb2 15. Nxb2 {[%emt 0:24:15] [#]} (15. dxc6 $11 Nc3 16. Qc2 $1 (16. cxd7 Rxe2 17. Qe1 Rxe1 $15) 16... Bxa1 17. cxd7 Nxe2+ 18. Kh1 Qxd7 19. Rxa1) 15... Ne5 {[%emt 0:01:36] Black is more active.} (15... Nb4 $1 $17 16. Nc4 Nc3) 16. Qd4 (16. Nxe5 $14 Rxe5 17. Qd4) 16... Nxf3+ 17. exf3 Qf6 18. Qxf6 Nxf6 19. f4 Re2 20. Nc4 b5 21. Bf3 Rc2 22. Ne3 Rd2 23. Rfc1 Rb7 24. Rd1 Rb2 25. Rdb1 Rxb1+ 26. Rxb1 a5 27. a3 h5 28. Rc1 Kf8 29. Nc2 Bf5 30. Nd4 Be4 31. Bxe4 Nxe4 $11 {[%emt 0:00:03][%mdl 4096] Endgame KRN-KRN} 32. Nc6 a4 33. b4 Nf6 34. Na5 Ra7 35. Nc6 Rb7 36. Na5 Rb6 37. Rxc7 Nxd5 38. Ra7 (38. Rc2 $11) 38... Nc3 $17 39. Nb7 $2 {[%emt 0:01:33] This costs White the game.} (39. Kf1 $15) 39... Ke8 {[%emt 0:01:11] ...Nb1 is the strong threat.} 40. Ra8+ Kd7 41. Nd8 Ke7 {[%emt 0:09:54] White must now prevent ...Nb1.} 42. Rc8 $2 (42. Kf1 {was forced.}) 42... Nd5 $19 {[%emt 0:02:59] Black is clearly winning.} 43. Nc6+ Kd7 44. Na7 Rb7 {[%emt 0:02:23] Weighted Error Value: White=0.37/Black=0.08 (flawless)} 0-1

[Event "101st Irish Championship 2022"]
[Site "Dublin"]
[Date "2022.07.05"]
[Round "3.4"]
[White "Pang, Khai Jie Ryan"]
[Black "O`Donnell, Conor"]
[Result "1/2-1/2"]
[ECO "B10"]
[WhiteElo "1841"]
[BlackElo "2269"]
[Annotator "TA"]
[PlyCount "92"]
[EventDate "2022.07.05"]
[EventType "swiss"]
[EventCountry "IRL"]
[SourceTitle "playchess.com"]
[Source "ChessBase"]
[SourceQuality "1"]
[TimeControl "40/6300+30:1800+30"]

1. e4 c6 2. Nf3 d5 3. d3 dxe4 4. dxe4 Qxd1+ 5. Kxd1 Nf6 6. Nbd2 {[%emt 0:01:45] B10: Caro-Kann: 2 d3 and 2 c4.} g6 $1 {[%emt 0:01:03] 6...g6 is better than 6...Bg4.} 7. c3 {[%emt 0:04:41] [#]} Bg4 $146 ({Predecessor:} 7... Bg7 8. Ne1 Ng4 9. Nd3 Nd7 10. Nc4 O-O 11. f3 Nge5 12. Ndxe5 Nxe5 13. Be3 Be6 14. Nxe5 Bxe5 {½-½ (82) Van Foreest,J (2612)-Martirosyan,H (2607) Chess.com INT 2019}) 8. Be2 {[%emt 0:01:33] White has an edge.} Nbd7 9. Ne1 Bxe2+ 10. Kxe2 Bh6 11. f3 $1 a5 12. Nd3 a4 13. Nc4 Bxc1 14. Raxc1 O-O 15. g4 Rfd8 16. h4 Ne8 17. Rcd1 Nd6 18. Nxd6 exd6 19. f4 f6 20. Kf3 Kf7 21. Rh2 Ra5 22. Nb4 $1 Ke7 23. Nc2 h5 24. g5 (24. Ne3 $14) 24... fxg5 $11 25. hxg5 Rf8 26. Kg3 $2 ({Better is} 26. Ke3 $11) 26... Nc5 $17 27. Re2 {[%emt 0:00:35] [#]} Ne6 $1 28. f5 Nxg5 {[%emt 0:00:14] White must now prevent ...Re5.} ({Weaker is} 28... gxf5 29. exf5 Rfxf5 30. Rxe6+ Kxe6 31. Nd4+ Kf7 32. Nxf5 Rxf5 33. Rxd6 $17) 29. Nd4 (29. fxg6 $17 {was necessary.} Rg8 30. Nd4 Rxg6 31. Kf4) 29... Re5 $19 30. Kf4 Nh3+ 31. Kg3 Ng5 32. Kf4 Nh7 (32... Ne6+ $19 33. Nxe6 Rxe6) 33. Nf3 g5+ 34. Nxg5 $2 (34. Kg3 $17 {was called for.}) 34... Nxg5 35. Kxg5 $17 {[%emt 0:00:09][%mdl 4096] Endgame [#] KRR-KRR} d5 (35... Rfxf5+ $1 $19 {[%mdl 512] has better winning chances.} 36. exf5 Rxe2) 36. Rde1 (36. Kxh5 $17 Kf6 37. Kg4) 36... dxe4 $19 37. Kxh5 Rexf5+ ({Stronger than} 37... Rfxf5+ 38. Kg4 $15) 38. Kg4 Kf6 $2 ({Black should try} 38... Rf4+ $19 39. Kg3 Rf3+ 40. Kg2 Rg8+ 41. Kh2 Kd6 42. Rxe4 Rf2+ 43. Kh3 b5) 39. Rxe4 $11 {[%emt 0:01:24] The position is equal.} Rg8+ 40. Kh4 Rh8+ 41. Kg3 Rg5+ 42. Kf4 {[%emt 0:19:12] White threatens Re6+ and mate.} Rh4+ 43. Kf3 Rh3+ 44. Kf4 {[%emt 0:00:00] Threatening mate with Re6+.} Rh4+ 45. Kf3 Rh3+ 46. Kf4 {[%emt 0:00:00] Hoping for Re6+.} Rh4+ {[%emt 0:00:59] White happily takes the draw.  Weighted Error Value: White=0.20 (precise) /Black=0.23 (precise)} 1/2-1/2

[Event "101st Irish Championship 2022"]
[Site "Dublin"]
[Date "2022.07.05"]
[Round "3.5"]
[White "Carroll, Peter"]
[Black "Daly, Colm"]
[Result "0-1"]
[ECO "D00"]
[WhiteElo "2116"]
[BlackElo "2190"]
[Annotator "TA"]
[PlyCount "39"]
[EventDate "2022.07.05"]
[EventType "swiss"]
[EventCountry "IRL"]
[SourceTitle "playchess.com"]
[Source "ChessBase"]
[SourceQuality "1"]
[TimeControl "40/6300+30:1800+30"]

1. d4 d5 2. Nc3 Bf5 3. f3 e6 4. e4 Bg6 5. Be3 Bb4 6. Bd3 {[%emt 0:00:30] D00: 1 d4 d5: Unusual lines.} (6. h4 $11 h5 7. exd5) 6... dxe4 $15 7. fxe4 Bxc3+ 8. bxc3 {[%emt 0:00:30] [#] Black has an edge.} Bxe4 $1 9. Nf3 Nf6 {[%emt 0:00:30] [#]} 10. Bxe4 $146 ({Predecessor:} 10. O-O Nbd7 11. Bg5 Bc6 12. Ne5 Nxe5 13. dxe5 Qd5 14. Qe2 Nd7 15. Qf2 f5 16. c4 Qc5 17. Be3 Qe7 18. Bd4 O-O 19. c3 b6 20. Qb2 Nc5 21. Qa3 Qg5 {0-1 (21) Gastaldi,F-Giusti,A corr 1949}) 10... Nxe4 11. Qd3 Nd6 {[%emt 0:00:30] Pair of Knights!} 12. O-O h6 (12... f6 $15 {might be stronger.}) 13. d5 (13. Rae1 $11) 13... exd5 14. Rae1 {[%emt 0:00:30] [#] Bg5+ is the strong threat.} O-O 15. Ne5 (15. Qxd5 $142 Nc6 16. Bf4) 15... Nd7 $17 16. Bxh6 $2 {[%emt 0:00:30][%mdl 8192] This move loses the game for White.} gxh6 $19 17. Qh3 Nxe5 18. Rxe5 Ne4 {[%emt 0:00:30] Strongly threatening ...Qd6.} 19. Qxh6 {[%emt 0:00:30] White threatens Rh5 and mate.} Qd6 20. Qh5 $2 {[%emt 0:00:30] Weighted Error Value: White=0.69/Black=0.11 (very precise)} (20. Qxd6 $19 cxd6 21. Rxd5) 0-1